 Dungeon Crawl Stone Soup version 0.18.1-48-g4cf74bf (webtiles) character file.

236806 Inkary the Warrior (level 18, -25/178 HPs)
             Began as a Minotaur Fighter on July 30, 2016.
             Was a High Priest of Okawaru.
             Annihilated by an azure jelly (39 damage)
             ... on level 3 of the Pits of Slime.
             The game lasted 02:25:20 (32044 turns).

Inkary the Warrior (Minotaur Fighter)              Turns: 32044, Time: 02:25:20

Health: -25/178    AC: 17    Str: 28    XL:     18   Next: 51%
Magic:  18/22      EV: 13    Int:  2    God:    Okawaru [*****.]
Gold:   1695       SH: 15    Dex: 20    Spells: 2 memorised, 19 levels left

rFire  + + .     SeeInvis .     J - +7 flail "Haubbott" {crush, rElec MR+ Str+3}
rCold  . . .     Gourm    .     h - +2 plate armour {rN+}
rNeg   + . .     Faith    .     E - +0 shield {reflect}
rPois  .         Spirit   .     (helmet unavailable)
rElec  +         Dismiss  .     W - +1 cloak "Wonu" {+Blink Regen+ Str-4}
rCorr  +         Reflect  +     u - +1 pair of gloves of Divine Compulsion {MR+++ rCorr Str+8 Int-5}
SustAt .         Harm     .     S - +1 pair of boots {Fly}
MR     +++++                    n - amulet of regeneration
Stlth  ..........               T - +5 ring of dexterity
                                x - +3 ring of dexterity

@: finesse, marked, corroded, flying, almost entirely resistant to hostile
enchantments, extremely unstealthy
A: retaliatory headbutt, horns 3, repulsion field 1, clumsy 2, fire resistance 2
a: Heroism, Finesse, Renounce Religion, Evoke Blink, Stop Flying
}: 2/15 runes: decaying, gossamer


You were on level 3 of the Pits of Slime.
You worshipped Okawaru.
Okawaru was extremely pleased with you.
You were very hungry.

You visited 8 branches of the dungeon, and saw 35 of its levels.
You also visited: Ossuary and Ice Cave.

You collected 3467 gold pieces.
You spent 1772 gold pieces at shops.

Inventory:

Hand Weapons
 G - a +9 flail of holy wrath
 J - the +7 flail "Haubbott" (weapon) {crush, rElec MR+ Str+3}
   (Okawaru gifted it to you on level 4 of the Spider Nest)

   It inflicts extra damage upon your enemies.
   It affects your strength (+3).
   It insulates you from electricity.
   It affects your resistance to hostile enchantments.
Armour
 h - a +2 plate armour of positive energy (worn)
 u - the +1 pair of gloves of Divine Compulsion (worn) {MR+++ rCorr Str+8 Int-5}
   (You found it on level 4 of the Spider Nest)

   It affects your strength (+8).
   It affects your intelligence (-5).
   It affects your resistance to hostile enchantments.
   It protects you from acid and corrosion.
 E - a +0 shield of reflection (worn)
 F - the +3 pair of gloves of the Carpenter {+Fly Regen+ Dex-5 Slay+5}
   (You found it on level 8 of the Dungeon)

   It affects your dexterity (-5).
   It affects your accuracy and damage with ranged weapons and melee attacks
   (+5).
   It lets you fly.
   It increases your rate of regeneration.
 S - a +1 pair of boots of flying (worn)
 W - the +1 cloak "Wonu" (worn) {+Blink Regen+ Str-4}
   (Okawaru gifted it to you on level 12 of the Dungeon)

   It affects your strength (-4).
   It lets you blink.
   It increases your rate of regeneration.
Jewellery
 k - the ring "Cimpedyt" {rF+ rN+ SInv}
   (You found it on level 8 of the Lair of Beasts)

   [ring of positive energy]

   It protects you from fire.
   It protects you from negative energy.
   It lets you see invisible.
 n - an amulet of regeneration (around neck)
 x - a +3 ring of dexterity (left hand)
 K - an uncursed ring of protection from magic
 T - a +5 ring of dexterity (right hand)
Wands
 e - a wand of digging (11/24)
 g - a wand of teleportation (3/9)
 m - a wand of teleportation (7/9)
 z - a wand of disintegration (6/24)
Scrolls
 b - a scroll of identify
 c - a scroll of brand weapon
 i - 4 scrolls of blinking
 l - 3 scrolls of recharging
 w - 5 scrolls of teleportation
 y - 4 scrolls of fear
 A - 9 scrolls of remove curse
 D - 2 scrolls of enchant weapon
 V - a scroll of silence
Potions
 d - 5 potions of ambrosia
 q - 5 potions of cancellation
 r - 4 potions of brilliance
 v - a potion of magic
 B - 3 potions of agility
 C - 4 potions of heal wounds
 I - 9 potions of curing
 N - 4 potions of lignification
 P - 5 potions of might
 U - 3 potions of haste
 X - a potion of cure mutation
 Z - a potion of resistance
Miscellaneous
 s - a phial of floods
 H - a stone of tremors
 L - a plain deck of changes {Fortitude}
 M - a plain deck of changes {the Blade}
 Q - a plain deck of summoning {the Dance}
 R - a plain deck of defence {the Shadow, drawn: 2}
Comestibles
 a - 25 fruits
 f - 27 bread rations
 o - 5 slices of pizza
 p - 18 meat rations


   Skills:
 + Level 20.2 Fighting
 - Level 19.0 Maces & Flails
 - Level 19.0 Armour
 + Level 3.4 Dodging
 + Level 15.4 Shields
 - Level 3.0 Spellcasting
 - Level 3.3 Hexes
 + Level 7.6 Invocations
 - Level 4.0 Evocations


You had 19 spell levels left.
You knew the following spells:

 Your Spells              Type           Power        Failure   Level  Hunger
a - Summon Butterflies    Summ           #.......     99%         1    ##.....
b - Tukima's Dance        Hex            #.......     99%         3    ####...


Dungeon Overview and Level Annotations

Branches:
Dungeon (12/15)            Temple (1/1) D:5            Lair (8/8) D:11
  Swamp (4/4) Lair:4       Spider (4/4) Lair:5        Slime (3/6) Lair:7
    Orc (2/2) D:12            Elf (1/3) Orc:2

Altars:
Ashenzari
Cheibriados
Dithmenos
Elyvilon
Fedhas
Gozag
Kikubaaqudgha
Makhleb
Nemelex Xobeh
Okawaru
Pakellas
Qazlal
Ru
Sif Muna
Trog
Vehumet
Xom
Yredelemnul
Zin
The Shining One
Beogh

Shops:
D:4 *   D:8 !}   D:9 *   Orc:2 *%([   Elf:1 *

Portals:
Trove: D:12 (show abyssal rune of Zot)


Innate Abilities, Weirdness & Mutations

You reflexively headbutt those who attack you in melee.
You have a pair of large horns on your head.
You are surrounded by a mild repulsion field (EV +2).
You are very clumsy. (Dex -4)
Your flesh is very heat resistant.


Message History

You block the azure jelly's attack. x2
The azure jelly hits you but does no damage.
The azure jelly hits you.
* * * LOW HITPOINT WARNING * * *
You hit the azure jelly.
You headbutt the azure jelly, but do no damage.
The azure jelly is heavily wounded.
You hit the azure jelly but do no damage.
You headbutt the azure jelly!!
The azure jelly is severely wounded.
You sock the azure jelly!
The azure jelly is almost dead.
The azure jelly hits you.
* * * LOW HITPOINT WARNING * * *
The azure jelly freezes you!!
* * * LOW HITPOINT WARNING * * *
The azure jelly hits you.
* * * LOW HITPOINT WARNING * * *
The azure jelly freezes you!!!
You die...

...##....#...........
.....................
............JJ......
..............J....
#.................
#................
#................
#.<....J@.......
#...............
##.>...#........
#......#.......
..#.##.#........
#.##..##......... #.
... .......#. . .....
........


You could see an azure jelly and 3 slime creatures.

Vanquished Creatures
  Nikola (Swamp:2)
  4 acid blobs
  2 thorn hunters
  2 azure jellies
  A deep elf sorcerer (Elf:1)
  3 ghost moths
  Donald (Swamp:2)
  Maud (Orc:2)
  2 orc warlords (Orc:2)
  6 emperor scorpions (Spider:4)
  Nessos (Lair:7)
  3 spark wasps
  A deep elf annihilator (Elf:1)
  Snorg (Orc:2)
  A deep elf death mage (Orc:2)
  3 entropy weavers
  27 slime creatures
  A deep elf high priest (Orc:2)
  Erolcha (D:10)
  A great orb of eyes (Slime:2)
  21 hydras
  10 alligators
  4 catoblepae
  The ghost of Inkary the Fighter, a novice MiGl of Okawaru (D:8)
  25 death yaks
  7 dancing weapons
  Urug (Lair:4)
  3 deep elf knights (Elf:1)
  An orc high priest (Orc:1)
  6 spriggans
  2 spriggan druids (Swamp:3)
  16 swamp dragons
  A lindwurm (Lair:8)
  An unseen horror (D:11)
  5 shambling mangroves
  4 hill giants
  4 deep elf archers
  17 orb spiders
  30 wolf spiders
  3 hornets
  3 oklob plants (Lair:7)
  5 ugly things (Swamp:4)
  A griffon (Lair:6)
  6 orc sorcerers
  A shining eye (Lair:7)
  18 deep elf magi
  2 moths of wrath (Spider:4)
  11 elephants
  2 cyclopes (D:11)
  The ghost of atgrul the Geomancer, a novice GrEE of Vehumet (D:4)
  2 ice statues (IceCv)
  Joseph (D:9)
  A guardian serpent (D:11)
  17 spiny frogs
  5 black mambas
  An eye of devastation (Slime:3)
  4 rime drakes
  7 komodo dragons
  2 centaur skeletons
  11 demonic crawlers
  A troll (shapeshifter) (D:12)
  The ghost of Inkary the Twirler, an amateur MiGl (D:5)
  2 polar bears (Lair:7)
  8 giant leeches
  37 jumping spiders
  9 trolls
  3 bog bodies
  2 boulder beetles
  Prince Ribbit (D:8)
  A two-headed ogre (D:12)
  20 blink frogs
  Grinder (D:5)
  A raiju (shapeshifter) (Elf:1)
  62 redbacks
  6 wraiths
  A vampire (D:10)
  A shadow (D:11)
  3 air elementals
  27 tarantellas
  2 wyverns (D:9)
  41 yaks
  Eustachio (D:5)
  2 fire elementals (Elf:1)
  9 hippogriffs
  3 basilisks
  2 water elementals
  2 hungry ghosts
  17 vampire mosquitoes
  3 wargs
  19 swamp worms
  17 insubstantial wisps
  Edmund (D:6)
  Duvessa (D:4)
  18 water moccasins
  7 porcupines
  14 swamp drakes
  12 ice beasts
  3 sky beasts
  21 wasps
  2 necrophages
  14 ogres
  39 orc warriors
  4 phantoms
  7 centaurs
  11 wolves
  3 eyes of draining
  10 crocodiles
  8 big kobolds
  A giant frog (shapeshifter) (Elf:1)
  11 giant frogs
  A gnoll sergeant (D:9)
  Dowan (D:4)
  A wyvern skeleton (D:9)
  7 scorpions
  12 killer bees
  3 howler monkeys (D:10)
  2 electric eels (D:11)
  2 centaur zombies
  7 crimson imps
  10 jellies
  Crazy Yiuf (D:7)
  28 orc priests
  A gnoll shaman (D:9)
  12 hounds
  3 giant frog skeletons
  12 iguanas
  32 orc wizards
  9 worker ants
  18 sheep
  6 big kobold zombies (Ossuary)
  A hound skeleton (D:8)
  2 mummies
  A howler monkey zombie (D:7)
  19 gnolls
  A howler monkey skeleton (D:4)
  58 river rats
  10 adders
  A shadow imp (D:12)
  12 white imps (Lair:7)
  4 adder skeletons
  3 worms
  A dart slug (D:2)
  9 giant geckos
  105 orcs
  6 giant cockroaches
  6 gnoll zombies (Ossuary)
  10 goblins
  24 hobgoblins
  25 jackals
  30 kobolds
  4 quokkas
  A ball python (D:4)
  12 bats
  4 bat simulacra (Ossuary)
  7 giant newts
  A goblin simulacrum (Ossuary)
  9 goblin zombies (Ossuary)
  2 hobgoblin zombies (Ossuary)
  2 kobold simulacra (Ossuary)
  4 kobold zombies (Ossuary)
  3 orc zombies (Ossuary)
  A quokka zombie (D:5)
  5 rats
  2 rat simulacra (Ossuary)
  3 spectral goblins (Ossuary)
  A spectral kobold (Ossuary)
  4 spectral rats (Ossuary)
1379 creatures vanquished.

Vanquished Creatures (others)
  Josephine (Lair:7)
  A spriggan (Swamp:1)
  A wasp (Swamp:1)
  An orc priest (Orc:2)
  5 briar patches
  4 fungi
  13 plants
26 creatures vanquished.

Grand Total: 1405 creatures vanquished

Notes
Turn   | Place    | Note
--------------------------------------------------------------
     0 | D:1      | Inkary the Minotaur Fighter began the quest for the Orb.
     0 | D:1      | Reached XP level 1. HP: 19/19 MP: 0/0
    94 | D:1      | Reached XP level 2. HP: 26/27 MP: 1/1
   250 | D:1      | Reached skill level 4 in Fighting
   496 | D:1      | Reached XP level 3. HP: 32/33 MP: 2/2
   918 | D:2      | Found a sacrificial altar of Ru.
   945 | D:2      | Found an oddly glowing altar of Pakellas.
  1475 | D:3      | Reached XP level 4. HP: 41/41 MP: 3/3
  1650 | D:3      | Found a snail-covered altar of Cheibriados.
  1653 | D:3      | Found a shimmering altar of Xom.
  1836 | D:4      | Noticed a phantom
  1841 | D:4      | Reached XP level 5. HP: 43/47 MP: 4/4
  1856 | D:4      | Killed a phantom
  1856 | D:4      | Reached skill level 5 in Fighting
  1856 | D:4      | Reached skill level 5 in Shields
  1915 | D:4      | Reached skill level 5 in Armour
  1929 | D:4      | Reached XP level 6. HP: 48/56 MP: 5/5
  1944 | D:4      | Noticed atgrul's ghost (novice GrEE)
  1965 | D:4      | Killed atgrul's ghost
  1965 | D:4      | Reached skill level 6 in Fighting
  1965 | D:4      | Reached skill level 5 in Maces & Flails
  1965 | D:4      | Reached XP level 7. HP: 6/63 MP: 6/6
  1968 | D:4      | HP: 3/94 [worker ant (5)]
  1974 | D:4      | HP: 2/94 [poisoned by a worker ant]
  1980 | D:4      | HP: 1/63 [poisoned by a worker ant]
  2058 | D:4      | HP: 2/63 [orc/trident (2)]
  2543 | D:4      | Found Mutyguno's Assorted Antiques.
  2550 | D:4      | Bought a scroll labeled OJUKYL TEKKORY for 27 gold pieces
  2550 | D:4      | Bought a scroll labeled FIECIUP GIRI for 27 gold pieces
  2550 | D:4      | Bought a scroll labeled OJUKYL TEKKORY for 27 gold pieces
  2550 | D:4      | Bought a scroll labeled AWEMEY ONOYD OTUNY for 27 gold pieces
  2550 | D:4      | Bought a scroll labeled VENTIOSEWOPT for 27 gold pieces
  2553 | D:4      | Gained mutation: You are clumsy. (Dex -2) [potion of mutation]
  2553 | D:4      | Gained mutation: Your spells are a little harder to cast, but a little more powerful. [potion of mutation]
  2553 | D:4      | Gained mutation: You are occasionally teleported next to monsters. [potion of mutation]
  2585 | D:4      | Found a shadowy altar of Dithmenos.
  2628 | D:4      | Noticed Duvessa
  2630 | D:4      | Noticed Dowan
  2648 | D:4      | Killed Duvessa
  2652 | D:4      | Killed Dowan
  2759 | D:4      | Reached XP level 8. HP: 71/71 MP: 7/7
  3011 | D:3      | Found an ancient bone altar of Kikubaaqudgha.
  3027 | D:5      | Entered Level 5 of the Dungeon
  3091 | D:5      | Found a sand-covered staircase.
  3098 | D:5      | Reached skill level 7 in Fighting
  3103 | Ossuary  | Entered an ossuary
  3583 | D:5      | Noticed Eustachio
  3622 | D:5      | Killed Eustachio
  3699 | D:5      | Found a staircase to the Ecumenical Temple.
  3726 | Temple   | Entered the Ecumenical Temple
  3988 | D:5      | Noticed Inkary's ghost (amateur MiGl)
  4157 | D:5      | Killed Inkary's ghost
  4207 | D:5      | Got a transparent flail
  4208 | D:5      | Identified the +7 flail of Foul Odors {antimagic, Dex+4} (You found it on level 5 of the Dungeon)
  4277 | D:5      | Reached skill level 8 in Fighting
  4277 | D:5      | Reached XP level 9. HP: 64/81 MP: 2/8
  4335 | D:5      | Found an iron altar of Okawaru.
  4355 | D:5      | Became a worshipper of Warmaster Okawaru
  4374 | D:5      | Noticed Grinder
  4383 | D:5      | Killed Grinder
  4655 | D:5      | Found a shattered altar of Ashenzari.
  5195 | D:6      | Noticed a troll
  5207 | D:6      | Noticed Edmund
  5238 | D:6      | Killed a troll
  5238 | D:6      | Reached * piety under Okawaru
  5238 | D:6      | Reached skill level 9 in Fighting
  5249 | D:6      | Killed Edmund
  5552 | D:6      | Found a stormy altar of Qazlal.
  5982 | D:7      | Found a burning altar of Makhleb.
  6025 | D:7      | Reached ** piety under Okawaru
  6040 | D:7      | Found a basalt altar of Yredelemnul.
  6092 | D:7      | Reached XP level 10. HP: 83/91 MP: 3/9
  6104 | D:7      | Found a white marble altar of Elyvilon.
  6104 | D:7      | Found an opulent altar of Gozag.
  6364 | D:7      | Learned a level 1 spell: Summon Butterflies
  6369 | D:7      | Learned a level 3 spell: Tukima's Dance
  6711 | D:7      | Noticed Crazy Yiuf
  6714 | D:7      | Killed Crazy Yiuf
  6795 | D:7      | Reached skill level 10 in Fighting
  6936 | D:8      | Found Tiocwimi's Distillery.
  6942 | D:7      | Reached *** piety under Okawaru
  6978 | D:8      | Found a glowing golden altar of the Shining One.
  7003 | D:8      | Bought a potion of curing for 33 gold pieces
  7003 | D:8      | Bought a potion of lignification for 33 gold pieces
  7003 | D:8      | Bought a potion of curing for 33 gold pieces
  7003 | D:8      | Bought a potion of flight for 33 gold pieces
  7003 | D:8      | Bought a potion of might for 44 gold pieces
  7003 | D:8      | Bought a potion of heal wounds for 55 gold pieces
  7003 | D:8      | Bought a potion of invisibility for 88 gold pieces
  7035 | D:7      | Reached skill level 10 in Armour
  7084 | D:8      | Found a burning altar of Makhleb.
  7129 | D:8      | Reached skill level 10 in Shields
  7142 | D:8      | Noticed Inkary's ghost (novice MiGl)
  7168 | D:8      | Killed Inkary's ghost
  7172 | D:8      | Got a pair of heavily runed gloves
  7183 | D:8      | Identified the +3 pair of gloves of the Carpenter {+Fly Regen+ Dex-5 Slay+5} (You found it on level 8 of the Dungeon)
  7300 | D:8      | Found Soduiqirph's Gadget Boutique.
  7412 | D:8      | Noticed Prince Ribbit
  7423 | D:8      | Killed Prince Ribbit
  7687 | D:8      | Reached skill level 10 in Maces & Flails
  7692 | D:8      | Reached **** piety under Okawaru
  7873 | D:8      | Noticed a three-headed hydra
  7881 | D:8      | Killed a three-headed hydra
  7881 | D:8      | Reached XP level 11. HP: 77/101 MP: 3/10
  7883 | D:8      | Reached skill level 11 in Fighting
  8044 | D:9      | Noticed Joseph
  8054 | D:9      | Killed Joseph
  8070 | D:9      | Found Sowiutic's General Store.
  8075 | D:9      | Bought a potion of berserk rage for 50 gold pieces
  8488 | D:9      | Reached ***** piety under Okawaru
  8519 | D:9      | Found an oddly glowing altar of Pakellas.
  8536 | D:9      | Lost mutation: You are clumsy. (Dex -2) [potion of cure mutation]
  8536 | D:9      | Lost mutation: Your spells are a little harder to cast, but a little more powerful. [potion of cure mutation]
  8536 | D:9      | Lost mutation: You are occasionally teleported next to monsters. [potion of cure mutation]
  8978 | D:10     | Entered Level 10 of the Dungeon
  9048 | D:10     | Noticed a hill giant
  9055 | D:10     | Killed a hill giant
  9109 | D:10     | Noticed a hill giant
  9126 | D:10     | Killed a hill giant
  9198 | D:10     | Noticed a hill giant
  9206 | D:10     | Killed a hill giant
  9430 | D:10     | Noticed Erolcha
  9441 | D:10     | Killed Erolcha
  9441 | D:10     | Received a gift from Okawaru
  9441 | D:10     | Reached skill level 12 in Fighting
  9453 | D:10     | Got a fine eveningstar {god gift}
  9771 | D:10     | Identified the +6 eveningstar "Miohif" {crush, *Contam rF++ MP+9} (Okawaru gifted it to you on level 10 of the Dungeon)
  9913 | D:11     | Reached XP level 12. HP: 112/112 MP: 2/11
 10010 | D:11     | Found a staircase to the Lair.
 10411 | D:11     | Gained mutation: You are partially covered in slimy green scales (AC +2). [mutagenic meat]
 10412 | D:11     | Gained mutation: You are frail (-10% HP). [mutagenic meat]
 10413 | D:11     | Gained mutation: Your spells are a little harder to cast, but a little more powerful. [mutagenic meat]
 10414 | D:11     | Gained mutation: You are very frail (-20% HP). [mutagenic meat]
 10513 | D:8      | Bought a potion of cure mutation for 275 gold pieces
 10513 | D:8      | Bought a potion of might for 44 gold pieces
 10513 | D:8      | Lost mutation: You are partially covered in slimy green scales (AC +2). [potion of cure mutation]
 10513 | D:8      | Lost mutation: Your spells are a little harder to cast, but a little more powerful. [potion of cure mutation]
 10513 | D:8      | Lost mutation: You are very frail (-20% HP). [potion of cure mutation]
 10513 | D:8      | Lost mutation: You are frail (-10% HP). [potion of cure mutation]
 10974 | D:12     | Found a staircase to the Orcish Mines.
 11019 | D:12     | Received a gift from Okawaru
 11037 | D:12     | Got a slimy cloak {god gift}
 11048 | D:12     | Identified the +1 cloak "Wonu" {+Blink Regen+ Str-4} (Okawaru gifted it to you on level 12 of the Dungeon)
 11205 | D:12     | Reached skill level 1 in Invocations
 11205 | D:12     | Reached skill level 1 in Evocations
 11252 | D:12     | Found a white marble altar of Elyvilon.
 11376 | D:12     | Reached skill level 13 in Fighting
 11605 | D:12     | Found a portal to a secret trove of treasure.
 12343 | Orc:1    | Entered Level 1 of the Orcish Mines
 12456 | Orc:2    | Entered Level 2 of the Orcish Mines
 12456 | Orc:2    | Noticed an orc high priest
 12525 | Orc:1    | Killed an orc high priest
 12689 | Orc:1    | Noticed an orc warlord
 12786 | Orc:2    | Killed an orc warlord
 12968 | Orc:1    | Reached XP level 13. HP: 122/122 MP: 5/15
 13148 | Orc:1    | Received a gift from Okawaru
 13149 | Orc:1    | Got a fine hand axe {god gift}
 13491 | Orc:2    | Found a bloodstained altar of Trog.
 13547 | Orc:2    | Noticed Maud
 13581 | Orc:2    | Killed Maud
 13586 | Orc:2    | Identified the +3 hand axe of Change {flame, rF++ rC++ Str-5 Dex-2} (Okawaru gifted it to you on level 1 of the Orcish Mines)
 13619 | Orc:2    | Paralysed by an orc sorcerer for 4 turns
 13621 | Orc:2    | Noticed Snorg
 13623 | Orc:2    | Reached skill level 5 in Invocations
 13635 | Orc:2    | Killed Snorg
 13672 | Orc:2    | Found a roughly hewn altar of Beogh.
 13704 | Orc:2    | Found a roughly hewn altar of Beogh.
 13800 | Orc:2    | Found a roughly hewn altar of Beogh.
 13801 | Orc:2    | Found Cawuig's General Store.
 13923 | Orc:2    | Found a roughly hewn altar of Beogh.
 13924 | Orc:2    | Found Yromanti's Food Boutique.
 13954 | Orc:2    | Bought a bread ration for 55 gold pieces
 13954 | Orc:2    | Bought a meat ration for 55 gold pieces
 13954 | Orc:2    | Bought a meat ration for 55 gold pieces
 13954 | Orc:2    | Bought a bread ration for 55 gold pieces
 13954 | Orc:2    | Bought a bread ration for 55 gold pieces
 13981 | Orc:2    | Found a roughly hewn altar of Beogh.
 14096 | Orc:2    | Noticed an orc warlord
 14138 | Orc:2    | Killed an orc warlord
 14172 | Orc:2    | Found Fisash's Antique Armour Emporium.
 14177 | Orc:2    | Found a roughly hewn altar of Beogh.
 14192 | Orc:2    | Found Exomy's Antique Weapon Shoppe.
 14201 | Orc:2    | Bought a glowing shield for 148 gold pieces
 14218 | Orc:2    | Bought a smoking morningstar for 189 gold pieces
 14218 | Orc:2    | Identified the +8 morningstar of the Forsaken Orbs {elec, MR+ Str+2 Int-2 SInv} (You bought it in a shop on level 2 of the Orcish Mines)
 14431 | Orc:2    | Found a roughly hewn altar of Beogh.
 14444 | Orc:2    | Found a staircase to the Elven Halls.
 14540 | Lair:1   | Entered Level 1 of the Lair of Beasts
 14621 | Lair:1   | Gained mutation: You are frail (-10% HP). [mutagenic glow]
 16005 | Lair:3   | Reached skill level 14 in Fighting
 16235 | Lair:3   | Found a white marble altar of Elyvilon.
 16509 | Lair:4   | Reached ****** piety under Okawaru
 16512 | Lair:4   | Received a gift from Okawaru
 16740 | Lair:4   | Found a staircase to the Swamp.
 16955 | Lair:4   | Noticed Urug
 16977 | Lair:4   | Killed Urug
 17374 | Lair:4   | Reached XP level 14. HP: 119/119 MP: 5/16
 17466 | Lair:5   | Reached skill level 15 in Maces & Flails
 17676 | Lair:5   | Reached skill level 15 in Armour
 17957 | Lair:5   | Reached skill level 15 in Fighting
 18049 | Lair:5   | Found a hole to the Spider Nest.
 19380 | Lair:7   | Received a gift from Okawaru
 19438 | Lair:7   | Noticed Josephine
 19453 | Lair:7   | Killed Josephine
 19508 | Lair:7   | Found a frozen archway.
 19526 | IceCv    | Entered an ice cave
 19678 | Lair:7   | Found a staircase to the Slime Pits.
 19791 | Slime:1  | Entered Level 1 of the Pits of Slime
 19793 | Slime:1  | Noticed an azure jelly
 19810 | Lair:7   | Killed an azure jelly
 19900 | Lair:7   | Reached XP level 15. HP: 128/128 MP: 5/17
 20196 | Lair:7   | Noticed Nessos
 20205 | Lair:7   | Killed Nessos
 20205 | Lair:7   | Reached skill level 16 in Fighting
 20453 | Lair:8   | Entered Level 8 of the Lair of Beasts
 20546 | Lair:8   | Received a gift from Okawaru
 21233 | Lair:8   | Got a translucent tin ring
 21237 | Lair:8   | Identified the ring "Cimpedyt" {rF+ rN+ SInv} (You found it on level 8 of the Lair of Beasts)
 21673 | Swamp:1  | Entered Level 1 of the Swamp
 22048 | Swamp:1  | Received a gift from Okawaru
 22061 | Swamp:1  | Reached skill level 17 in Fighting
 22068 | Swamp:1  | Got a warped broad axe {god gift}
 22069 | Swamp:1  | Identified the +4 broad axe "Lifebane" {venom, +Rage rElec} (Okawaru gifted it to you on level 1 of the Swamp)
 22547 | Swamp:2  | Noticed Donald
 22564 | Swamp:2  | Killed Donald
 22642 | Swamp:2  | Noticed Nikola
 22690 | Swamp:2  | Killed Nikola
 22725 | Swamp:2  | Reached XP level 16. HP: 124/139 MP: 20/20
 23175 | Swamp:2  | Received a gift from Okawaru
 23501 | Swamp:3  | Noticed a thorn hunter
 23536 | Swamp:3  | Killed a thorn hunter
 24038 | Swamp:3  | Got a jewelled war axe
 24039 | Swamp:3  | Identified the +0 war axe of Mastery {drain, -Tele MR+ Int+4} (You found it on level 3 of the Swamp)
 24207 | Swamp:4  | Entered Level 4 of the Swamp
 24375 | Swamp:3  | Reached skill level 18 in Fighting
 24383 | Swamp:3  | Received a gift from Okawaru
 24548 | Swamp:4  | Got a decaying rune of Zot
 24597 | Swamp:4  | Gained mutation: You are surrounded by a mild repulsion field (EV +2). [potion of mutation]
 24597 | Swamp:4  | Gained mutation: Your flesh is heat resistant. [potion of mutation]
 24597 | Swamp:4  | Gained mutation: Your magical capacity is low (-10% MP). [potion of mutation]
 24777 | Swamp:4  | Noticed a thorn hunter
 24793 | Swamp:4  | Killed a thorn hunter
 24865 | Swamp:4  | Identified a scroll of acquirement
 25209 | Swamp:4  | Gained mutation: You are clumsy. (Dex -2) [mutagenic meat]
 25210 | Swamp:4  | Gained mutation: Your flesh is very heat resistant. [mutagenic meat]
 25211 | Swamp:4  | Lost mutation: You are frail (-10% HP). [mutagenic meat]
 25214 | Swamp:4  | Gained mutation: You have a pair of large horns on your head. [mutagenic meat]
 25398 | Spider:1 | Entered Level 1 of the Spider Nest
 26775 | Spider:2 | Reached XP level 17. HP: 158/166 MP: 12/19
 27468 | Spider:2 | Received a gift from Okawaru
 28021 | Spider:3 | Reached skill level 19 in Fighting
 28390 | Spider:4 | Entered Level 4 of the Spider Nest
 28667 | Spider:4 | Got a pair of distressingly furry gloves
 28678 | Spider:4 | Identified the +1 pair of gloves of Divine Compulsion {MR+++ rCorr Str+8 Int-5} (You found it on level 4 of the Spider Nest)
 28678 | Spider:4 | Lost intelligence.
 29155 | Spider:4 | Reached skill level 1 in Spellcasting
 29162 | Spider:4 | Reached skill level 1 in Hexes
 29308 | Spider:4 | Received a gift from Okawaru
 29309 | Spider:4 | Got a brightly glowing flail {god gift}
 29310 | Spider:4 | Identified the +7 flail "Haubbott" {crush, rElec MR+ Str+3} (Okawaru gifted it to you on level 4 of the Spider Nest)
 29599 | Spider:4 | Got a gossamer rune of Zot
 29934 | Elf:1    | Entered Level 1 of the Elven Halls
 29978 | Orc:2    | Gained mutation: You are very clumsy. (Dex -4) [mutagenic glow]
 29981 | Orc:2    | Reached XP level 18. HP: 137/178 MP: 14/20
 30368 | Elf:1    | Identified the Handbook of Battle Magic and Summoning
 30397 | Elf:1    | Lost mutation: Your magical capacity is low (-10% MP). [mutagenic meat]
 30452 | Orc:2    | Reached skill level 15 in Shields
 30567 | Elf:1    | Reached skill level 1 in Dodging
 30679 | Elf:1    | Found Raisogga's Assorted Antiques.
 30686 | Elf:1    | Bought a scroll of enchant armour for 202 gold pieces
 30686 | Elf:1    | Bought a potion of heal wounds for 135 gold pieces
 30831 | Elf:1    | Reached skill level 20 in Fighting
 32044 | Slime:3  | Annihilated by an azure jelly

Skill      XL: |  1  2  3  4  5  6  7  8  9 10 11 12 13 14 15 16 17 18 |
---------------+-------------------------------------------------------+-----
Shields        | 4 5 6 7 9 10 12 14 15 | 15.4
Fighting       | 4 5 6 8 9 10 12 13 14 15 17 18 19 20 | 20.2
Maces & Flails | 3 4 5 7 8 10 11 13 14 16 17 18 19 | 19.0
Armour         | 4 5 6 7 9 10 12 13 14 16 18 19 | 19.0
Invocations    | 4 5 7 |  7.6
Evocations     | 3 4 |  4.0
Spellcasting   | 2 3 |  3.0
Hexes          | 2 3 |  3.3
Dodging        | 3 |  3.4

Action                   |  1- 3 |  4- 6 |  7- 9 | 10-12 | 13-15 | 16-18 || total
-------------------------+-------+-------+-------+-------+-------+-------++-------
Melee: Flail             |   124 |    77 |   498 |   734 |  1465 |   369 ||  3267
       Headbutt          |    13 |    13 |    98 |   170 |   422 |   292 ||  1008
       Eveningstar       |       |       |       |       |   100 |   160 ||   260
       Morningstar       |       |       |       |       |    12 |   682 ||   694
Invok: Heroism           |       |       |       |    28 |    31 |    34 ||    93
       Finesse           |       |       |       |       |     4 |    25 ||    29
 Abil: Evoke Blink       |       |       |       |       |     7 |     6 ||    13
       Stop Flying       |       |       |       |       |       |     1 ||     1
       Evoke Flight      |       |       |       |       |       |     1 ||     1
Evoke: Wand              |       |       |       |       |     1 |     3 ||     4
       Deck              |       |       |       |       |     1 |     1 ||     2
       Stone of tremors  |       |       |       |       |     1 |       ||     1
  Use: Potion            |       |     1 |    12 |     6 |     4 |     8 ||    31
       Scroll            |       |       |    13 |    21 |    13 |    18 ||    65
 Stab: Sleeping          |       |       |       |       |     1 |       ||     1
       Petrified         |       |       |       |       |     2 |       ||     2
       Held in net/web   |       |       |       |       |       |     1 ||     1
  Eat: Chunk             |     2 |     2 |    15 |    33 |    30 |    27 ||   109
       Beef jerky        |       |       |       |     2 |     2 |       ||     4
       Royal jelly       |       |       |       |       |     1 |       ||     1
       Fruit             |       |       |       |       |       |     9 ||     9
       Pizza             |       |       |       |       |       |     7 ||     7
Armor: Scale mail        |    68 |    32 |   184 |   233 |       |       ||   517
       Troll leather arm |       |       |       |    39 |    46 |       ||    85
       Chain mail        |       |       |       |       |   541 |     5 ||   546
       Swamp dragon armo |       |       |       |       |       |   478 ||   478
       Plate armour      |       |       |       |       |       |   147 ||   147
Dodge: Dodged            |    43 |    24 |   143 |   210 |   353 |   552 ||  1325
Block: Shield            |    77 |    38 |   232 |   495 |   894 |   821 ||  2557
       Reflection        |       |       |       |       |       |    27 ||    27
